 Dungeon Crawl Stone Soup version 0.19.6-3-g7d5932f76a (webtiles) character file.

33 EnegeticOcto the Conjurer (level 3, -4/21 HPs)
             Began as a High Elf Conjurer on Feb 8, 2021.
             Slain by an orc
             ... wielding a +0 flail
              (6 damage)
             ... on level 3 of the Dungeon.
             The game lasted 00:03:36 (314 turns).

EnegeticOcto the Conjurer (High Elf Conjurer)        Turns: 314, Time: 00:03:37

Health: -4/21      AC:  2    Str:  7    XL:     3   Next: 12%
Magic:  2/7        EV: 13    Int: 20    God:
Gold:   0          SH:  0    Dex: 15    Spells: 2 memorised, 3 levels left

rFire  . . .     SeeInvis .     i - +1 short sword (venom)
rCold  . . .     Gourm    .     a - +0 robe
rNeg   . . .     Faith    .     (no shield)
rPois  .         Spirit   .     (no helmet)
rElec  .         Reflect  .     (no cloak)
rCorr  .         Harm     .     (no gloves)
MR     .....                    (no boots)
Stlth  ++........               (no amulet)
                                (no ring)
                                (no ring)

@: no status effects
A: no striking features
a: no special abilities


You were on level 3 of the Dungeon.
You were not hungry.

You visited 1 branch of the dungeon, and saw 3 of its levels.

Inventory:

Hand Weapons
 i - a +1 short sword of venom (weapon)
   (You took it off a kobold on level 2 of the Dungeon)
Missiles
 f - 21 stones (quivered)
Armour
 a - a +0 robe (worn)
Jewellery
 g - an uncursed ring of fire
   (You found it on level 1 of the Dungeon)
Scrolls
 e - a scroll of identify {unknown}
 j - a scroll of teleportation {unknown}
Books
 b - a book of Conjurations

   Spells                             Type                      Level
   a - Magic Dart                     Conjuration                  1
   b - Searing Ray                    Conjuration                  2
   c - Dazzling Spray                 Conjuration/Hexes            3
   d - Fulminant Prism                Conjuration/Hexes            4
   e - Iskenderun's Mystic Blast      Conjuration                  4
   f - Iskenderun's Battlesphere      Conjuration/Charms           5
Comestibles
 c - a bread ration
 d - a slice of pizza


   Skills:
 - Level 2.1 Dodging
 - Level 2.1 Stealth
 - Level 2.4 Spellcasting
 + Level 5.5 Conjurations


You had 3 spell levels left.
You knew the following spells:

 Your Spells              Type           Power        Failure   Level  Hunger
a - Magic Dart            Conj           ###.         1%          1    #......
b - Searing Ray           Conj           ###...       2%          2    ##.....


Dungeon Overview and Level Annotations

Branches:
Dungeon (3/15)

Altars:
Qazlal


Message History

You hit the kobold but do no damage.
The kobold looks as sick as possible!
The kobold barely misses you.
You hit the kobold.
You kill the kobold!
You miss the kobold. The kobold closely misses you.
You hit the kobold.
The kobold is moderately wounded.
The kobold hits you but does no damage.
You completely miss the kobold.
The kobold is moderately wounded.
The kobold hits you but does no damage.
You hit the kobold.
You kill the kobold!
You miss the goblin. The goblin misses you.
You closely miss the goblin. The goblin hits you.
You hit the goblin.
The goblin is poisoned.
The goblin is moderately wounded.
The goblin barely misses you.
Found a dagger.
Found a pair of runed gloves.
A hobgoblin comes into view. It is wielding a club.
You kill the goblin! 2 orcs come into view.
The hobgoblin hits you with a club.
* * * LOW HITPOINT WARNING * * *
Unknown command.
It was a potion of magic.
Magic courses through your body.
The orc shouts!
The hobgoblin barely misses you.
The frilled lizard unfolds its giant frill.
An orc comes into view.
It is wielding a flail. 2 orcs come into view.
Found a potion of curing.
Found a spear.
Found 9 stones.
Found 8 gold pieces.
You see here a potion of curing {@q1 !q}.
Casting: Searing Ray
Confirm with . or Enter, or press ? or * to list all spells.
Aiming: Searing Ray
Press: ? - help, Shift-Dir - straight line, f - orc
Aim: an orc, wielding an enchanted hand axe The searing ray hits the orc.
The orc is almost dead. (Press . to maintain the ray.)
The orc hits you with an enchanted hand axe.
* * * LOW HITPOINT WARNING * * *
The searing ray hits the orc.
You kill the orc!
You have reached level 3!
Your experience leads to an increase in your attributes!
Increase (S)trength, (I)ntelligence, or (D)exterity?
You feel clever. x2
The searing ray hits the hobgoblin.
You kill the hobgoblin!
The searing ray misses the frilled lizard.
The searing ray hits the hobgoblin.
You kill the hobgoblin!
You finish channeling your searing ray.
You hear the slow rusting of a distant drain.
Casting: Searing Ray
Confirm with . or Enter, or press ? or * to list all spells.
Aiming: Magic Dart
Press: ? - help, Shift-Dir - straight line, f - frilled lizard
Aim: a frilled lizard The magic dart hits the frilled lizard.
You kill the frilled lizard!
A worm comes into view.
Found a stone staircase leading down.
A goblin comes into view. It is wielding a club.
Casting: Magic Dart
Confirm with . or Enter, or press ? or * to list all spells.
Aiming: Magic Dart
Press: ? - help, Shift-Dir - straight line, f - orc
Aim: an orc, wearing a leather armour The magic dart hits the orc.
The orc is moderately wounded.
Casting: Magic Dart
Confirm with . or Enter, or press ? or * to list all spells.
Aiming: Magic Dart
Press: ? - help, Shift-Dir - straight line, f/p - orc
Aim: an orc, wearing a leather armour (moderately wounded)
The magic dart hits the orc.
The orc is heavily wounded.
An orc comes into view. It is wielding a flail.
The orc barely misses you. The orc hits you with a flail.
* * * LOW HITPOINT WARNING * * *
3 goblins come into view. 2 goblins and a hobgoblin come into view.
The goblin shouts! x3; You hear a shout!
The goblin shouts! x2
The hobgoblin shouts!
The goblin shouts!
Found 6 gold pieces.
A hobgoblin comes into view. It is wielding a club.
The orc barely misses you. The goblin hits you but does no damage.
The goblin misses you. The orc misses you. The goblin barely misses you.
The goblin closely misses you. The orc hits you with a flail.
You die...

############
#.o..w.....#######
#o########...o..o#
...##### #.#####o#
.#.....# ### #@#
..w###.....$ggggg#
#.### .....gg###
o...# .....g
.......# .....
#......# ≈≈..≈
#...>..# .≈≈≈
......## ≈≈g≈
....###


You could see 2 orcs, 2 hobgoblins and 7 goblins.

Vanquished Creatures
  2 adders
  An orc (D:3)
  2 goblins
  3 hobgoblins
  3 kobolds
  3 frilled lizards
  A rat (D:1)
15 creatures vanquished.

Notes
Turn   | Place    | Note
-------+----------+-------------------------------------------
     0 | D:1      | EnegeticOcto the High Elf Conjurer began the quest for the Orb.
     0 | D:1      | Reached XP level 1. HP: 11/11 MP: 4/4
   135 | D:2      | Reached skill level 5 in Conjurations
   135 | D:2      | Reached XP level 2. HP: 15/17 MP: 0/6
   188 | D:2      | Found a stormy altar of Qazlal.
   221 | D:2      | Learned a level 2 spell: Searing Ray
   276 | D:3      | Reached XP level 3. HP: 1/21 MP: 4/7
   314 | D:3      | Slain by an orc

Skill      XL: |  1 |
---------------+----+-----
Conjurations   | 5 |  5.5
Dodging        | |  2.1
Stealth        | |  2.1
Spellcasting   | |  2.4

Action                   || total
-------------------------++-------
Melee: Unarmed           ||     1
       Short sword       ||    16
Throw: Stone             ||     3
 Cast: Magic Dart        ||    19
       Searing Ray       ||     2
  Use: Potion            ||     2
Armor: Robe              ||     2
Dodge: Dodged            ||    31
